 Dungeon Crawl Stone Soup version 0.28-a0-1038-g9c4cb8273d (webtiles) character file.

Game seed: 5718573716974072532

91 siradein the Ducker (level 4, -4/34 HPs)
             Began as a Vampire Gladiator on Dec 8, 2021.
             Killed by divine providence
             ... invoked by an orc priest
              (15 damage)
             ... on level 3 of the Dungeon.
             The game lasted 00:04:04 (1763 turns).

siradein the Ducker (Vampire Gladiator)             Turns: 1763, Time: 00:04:04

Health: -4/34      AC:  6    Str: 15    XL:     4   Next: 34%
Magic:  0/4        EV: 12    Int: 10    God:
Gold:   156        SH:  0    Dex: 15    Spells: 3/3 levels left

rFire   . . .      SeeInvis +   a - +0 rapier
rCold   . . .      Faith    .   (no shield)
rNeg    . . .      Spirit   +   p - +0 ring mail
rPois   +          Reflect  .   c - +0 helmet
rElec   .          Harm     .   (no cloak)
rCorr   .          Rampage  .   (no gloves)
Will    .....                   (no boots)
Stlth   +.........              h - amulet of guardian spirit
HPRegen 0.31/turn               m - ring of poison resistance
MPRegen 0.09/turn               (no ring)

@: healing quickly
A: alive, fangs 3, see invisible, vampiric 2
a: Exsanguinate


You were on level 3 of the Dungeon.
You visited 1 branch of the dungeon, and saw 3 of its levels.

You collected 156 gold pieces.

Inventory:

Hand Weapons
 a - a +0 rapier (weapon)
Missiles
 d - 3 throwing nets (quivered)
Armour
 c - a +0 helmet (worn)
 p - a +0 ring mail (worn)
Jewellery
 h - an amulet of guardian spirit (around neck)
 m - a ring of poison resistance (left hand)
Scrolls
 e - a scroll of enchant weapon {unknown}
 g - 2 scrolls of amnesia {unknown}
 i - a scroll of enchant armour {unknown}
 k - a scroll of teleportation {unknown}
 l - a scroll of blinking {unknown}
 o - a scroll of identify {unknown}
Potions
 b - 2 potions of attraction {unknown}
 f - a potion of magic {unknown}
 j - a potion of might {unknown}
 n - 3 potions of heal wounds {unknown}
 q - 2 potions of haste {unknown}


   Skills:
 + Level 2.5 Fighting
 + Level 4.0 Short Blades
 + Level 2.3 Throwing
 + Level 4.0 Dodging


You had 3 spell levels left.
You didn't know any spells.
Your spell library was empty.

Dungeon Overview and Level Annotations

Branches:
Dungeon (3/15)

Altars:
Cheibriados
Sif Muna

Annotations:
D:3 Natasha


Innate Abilities, Weirdness & Mutations

Your natural rate of healing is accelerated.
You have razor-sharp teeth.
You have supernaturally acute eyesight. (SInv)
You are afflicted with vampirism and can become a bat while bloodless.


Message History

You now have 156 gold pieces (gained 10).
Things that are here:
a +0 mace; a +0 robe You see here a +0 leather armour.
An orc is nearby!
An orc is nearby!
An orc is nearby!
An orc is nearby!
An orc is nearby!
Found 12 gold pieces and 25 bolts.
The orc shouts!
You hear an angry hiss.
The orc hits you with a +0 hand axe.
Natasha, Servant of Life and Death comes into view.
You hit the orc.
The orc is heavily wounded.
The orc hits you but does no damage.
You barely miss the orc.
The orc is heavily wounded.
The orc misses you. Natasha casts a spell at you. The magic dart hits you!
You puncture the orc!
You kill the orc!
The orc priest calls down the wrath of Beogh upon you.
Beogh smites you! Natasha misses you.
You are too injured to fight recklessly!
Natasha claws you.
* * * LOW HITPOINT WARNING * * *
The orc priest miscasts a cantrip.
Natasha wildly gestures.
Natasha's front paws start to glow.
The orc priest looks encouraged for a moment.
Natasha mumbles some strange words.
You see here a +0 leather armour.
Natasha mumbles some strange words.
Things that are here:
a +0 mace; a +0 robe The orc priest calls down the wrath of Beogh upon you.
Beogh smites you!
You die...

.###..###..####### ##
##.....#####..#
.###.###.###.###.# ..#.##
#.# #.# #.# .#.## #.# #.#
#.# .#.# #.# #.# #.#
.#.#####.# #.# #.#
.........# #.###.##
......#..###.##.@.#######
##.##.#.........)...[...#
#.##.##.##.###....####.
...........# ##.#5#
##.####### #.#h# # #.#5#
. #.#5# ... #o#.##.....
.#....$.(..


You could see an iron imp (summoned), an orc priest, Natasha and a crimson imp
(summoned).

Vanquished Creatures
  A gnoll (D:2)
  An adder (D:3)
  A worm (D:3)
  2 dart slugs
  5 orcs
  8 bats
  5 endoplasms
  A giant cockroach (D:1)
  9 goblins
  2 hobgoblins (D:1)
  3 jackals (D:3)
  A quokka (D:2)
  6 ball pythons
  7 frilled lizards
  2 kobolds (D:1)
  5 rats
59 creatures vanquished.

Vanquished Creatures (others)
  4 plants (D:1)
  4 toadstools (D:1)
8 creatures vanquished.

Grand Total: 67 creatures vanquished

Notes
Turn   | Place    | Note
-------+----------+-------------------------------------------
     0 | D:1      | siradein the Vampire Gladiator began the quest for the Orb.
     0 | D:1      | Reached XP level 1. HP: 16/16 MP: 1/1
   110 | D:1      | Reached XP level 2. HP: 11/22 MP: 2/2
   671 | D:2      | Gained mutation: You are afflicted with vampirism and can
                  | become a bat while bloodless. [Vampire growth]
   671 | D:2      | Reached XP level 3. HP: 27/27 MP: 3/3
   673 | D:2      | Found a faded altar of an unknown god.
  1526 | D:3      | Reached XP level 4. HP: 30/34 MP: 4/4
  1703 | D:3      | Found a shimmering blue altar of Sif Muna.
  1703 | D:3      | Found a snail-covered altar of Cheibriados.
  1752 | D:3      | Noticed Natasha
  1763 | D:3      | Killed from afar by an orc priest

Illustrated notes

Levels and vault maps discovered:
D:1:      ldierk_water_garden, layout_rooms, minmay_lizard_king
D:2:      layout_basic, hellmonk_ecumenical_altar_inner_sanctum, eino_curves_03,
          minmay_randomly_rotated_circles
D:3:      layout_loops_ring, nicolae_overflow_ecumenical_swirl,
          gammafunk_temple_overflow_wave, uniq_terence, uniq_natasha, uniq_pargi

Skill      XL: |  1  2  3  4 |
---------------+-------------+-----
Fighting       | 2 |  2.5
Throwing       | 2 |  2.3
Short Blades   | 4 |  4.0
Dodging        | 4 |  4.0

Action                   |  1- 3 |  4- 6 || total
-------------------------+-------+-------++-------
Melee: Rapier            |   128 |    27 ||   155
       Bite              |    18 |     2 ||    20
 Stab: Sleeping          |     3 |       ||     3
Armor: Leather armour    |    34 |       ||    34
       Ring mail         |     6 |    16 ||    22
Dodge: Dodged            |    83 |    22 ||   105

Table legend: (Time is in decaauts)
 A = Elapsed time spent in this place.
 B = Non-inter-level travel time spent in this place.
 C = Inter-level travel time spent in this place.
 D = Time resting spent in this place.
 E = Time spent auto-exploring this place.
 F = Levels seen in this place.
 G = Mean time per level.
                   A        B        C        D        E       F      G
               +--------+--------+--------+--------+--------+-----+--------+
         Total |   1767 |   1742 |     25 |      0 |   1230 |   3 |  589.0 |
       Dungeon |   1767 |   1742 |     25 |      0 |   1230 |   3 |  589.0 |
               +--------+--------+--------+--------+--------+-----+--------+

Top non-repeatable levels by time:
     D:2: 1027 daAuts
     D:1: 467 daAuts
     D:3: 271 daAuts
